Map: 大气2000-天梯版

Players

iGMacSed (MacSed) - Winner!

  • Race: Protoss Protoss
  • League: Grandmaster

cyan

  • Race: Protoss Protoss
  • League: Master

Event: DreamHack SC2 Masters 2021 Fall

VOD

Have the link to the VOD?

Description

Time

  • Played on: Aug. 8, 2021, 7:53 a.m.
  • Length: 14:20

All games in this series

Show
View Real Time Build Order
Export as new Build Order

iGMacSed Protoss - Winner!

Build Orders: Oracle Opening 

Get SALT Encoding   

  12  0:00  Probe  
  13  0:12  Probe  
  14  0:17  Pylon  
  14  0:24  Probe (Chrono Boost)  
  16  0:36  Probe (Chrono Boost)  
  16  0:37  Gateway  
  16  0:43  Probe (Chrono Boost)  
  16  0:45  Assimilator  
  17  0:50  Probe  
  17  0:56  Assimilator  
  18  1:03  Probe (Chrono Boost)  
  19  1:07  Gateway  
  19  1:15  Probe (Chrono Boost)  
  20  1:20  Probe (Chrono Boost)  
  20  1:24  Cybernetics Core  
  21  1:29  Probe  
  22  1:34  Pylon  
  22  1:41  Probe  
  23  1:53  Probe  
  24  1:57  Warp Gate (Chrono Boost)  
  26  2:01  Sentry  
  26  2:04  Stalker  
  26  2:05  Probe  
  29  2:13  Pylon  
  29  2:28  Pylon  
  31  2:40  Stalker  
  31  2:44  Stargate  
  30  2:57  Nexus  
  30  3:04  Shield Battery  
  30  3:06  Probe  
  31  3:18  Probe  
  32  3:20  Pylon  
  32  3:25  Oracle (Chrono Boost)  
  35  3:36  Pylon  
  35  3:41  Adept x2  
  35  3:44  Probe  
  40  3:55  Oracle  
  43  4:00  Gateway  
  43  4:07  Stalker  
  45  4:14  Stalker  
  43  4:23  Probe  
  44  4:26  Probe  
  45  4:33  Stalker  
  45  4:35  Probe  
  45  4:36  Gateway  
  45  4:38  Probe  
  49  4:45  Stalker  
  51  4:48  Probe  
  52  4:54  Oracle  
  52  4:55  Probe  
  52  4:58  Gateway  
  56  5:00  Probe  
  57  5:12  Robotics Facility  
  58  5:17  Forge  
  58  5:20  Adept x2  
  61  5:24  Probe  
  62  5:30  Pylon  
  62  5:42  Probe  
  62  5:44  Probe  
  59  6:06  Stalker x2  
  59  6:20  Probe  
  59  6:21  Probe  
  59  6:28  Photon Cannon  
  59  6:33  Probe  
  59  6:37  Probe  
  61  6:40  Assimilator  
  61  6:41  Assimilator  
  61  6:44  Observer (Chrono Boost)  
  61  6:45  Probe  
  63  6:49  Probe  
  63  6:52  Protoss Ground Weapons Level 1 (Chrono Boost)  
  64  6:54  Photon Cannon  
  64  6:57  Probe (Chrono Boost)  
  65  7:02  Probe (Chrono Boost)  
  67  7:09  Probe (Chrono Boost)  
  67  7:12  Probe (Chrono Boost)  
  67  7:13  Twilight Council  
  67  7:15  Probe (Chrono Boost)  
  68  7:17  Probe (Chrono Boost)  
  68  7:21  Pylon  
  70  7:31  Pylon  
  70  7:39  Gateway, Probe x2  
  70  7:41  Gateway  
  72  7:45  Immortal (Chrono Boost)  
  76  7:52  Charge  
  76  7:56  Pylon  
  76  8:02  Gateway  
  76  8:07  Gateway  
  76  8:08  Templar Archives  
  76  8:15  Gateway  
  76  8:17  Gateway  
  76  8:19  Immortal  
  77  8:36  Zealot x2  
  81  8:43  Pylon  
  81  8:46  High Templar x2  
  85  8:52  Archon  
  85  8:54  Pylon  
  85  9:04  Nexus  
  85  9:08  Protoss Ground Weapons Level 2 (Chrono Boost)  
  85  9:11  High Templar x2  
  85  9:13  Shield Battery  
  85  9:16  Archon  
  89  9:17  Probe x2  
  88  9:32  Probe  
  88  9:37  High Templar x2  
  93  9:39  Probe  
  93  9:41  Immortal  
  93  9:43  Archon  
  93  9:44  Probe  
  99  9:51  Shield Battery, Probe  
  100  9:54  Pylon  
  100  9:56  Probe  
  101  10:03  Probe  
  102  10:11  Pylon  
  102  10:14  High Templar, Warp Prism  
  102  10:15  High Templar  
  102  10:18  Archon  
  102  10:19  Zealot  
  108  10:23  Zealot  
  108  10:26  Zealot  
  112  10:28  Shield Battery  
  112  10:39  Zealot x4  
  118  10:48  Gateway  
  118  10:49  High Templar x2  
  122  10:52  Gateway  
  122  10:54  Archon, Zealot x2  
  126  11:05  Zealot x2  
  126  11:06  Zealot  
  126  11:10  Pylon  
  132  11:15  Zealot x3  
  138  11:25  Zealot  
  138  11:32  Pylon  
  140  11:33  Pylon  
  140  11:38  High Templar x4  
  148  11:42  Archon x2  
  147  11:53  Zealot x6  
  146  12:10  Zealot x4  
  126  12:27  Zealot x5  
  117  12:42  Zealot  
  117  12:43  Zealot x3  
  104  13:02  Zealot x5  
  104  13:03  Zealot x3  
  108  13:22  Zealot x2  
  108  13:23  Zealot  
  108  13:27  Zealot x5  
  100  13:28  Nexus  
  92  13:44  Stalker x3  
  85  14:10  Stalker x8  
Show
View Real Time Build Order
Export as new Build Order

cyan Protoss 

Build Orders:  

Get SALT Encoding   

  12  0:00  Probe  
  13  0:12  Probe  
  14  0:16  Pylon  
  14  0:24  Probe (Chrono Boost)  
  15  0:36  Probe (Chrono Boost)  
  15  0:37  Gateway  
  16  0:44  Probe (Chrono Boost)  
  16  0:45  Assimilator  
  17  0:51  Probe  
  17  0:53  Assimilator  
  18  1:03  Probe (Chrono Boost)  
  19  1:06  Gateway  
  19  1:12  Probe (Chrono Boost)  
  19  1:17  Probe (Chrono Boost)  
  20  1:24  Cybernetics Core  
  21  1:29  Probe  
  21  1:32  Pylon  
  22  1:41  Probe  
  23  1:53  Probe  
  24  1:57  Warp Gate (Chrono Boost)  
  24  2:00  Adept x2  
  28  2:06  Probe  
  29  2:11  Pylon  
  29  2:18  Probe  
  30  2:25  Pylon  
  30  2:30  Adept x2  
  34  3:00  Adept x2  
  34  3:03  Pylon  
  38  3:10  Nexus  
  38  3:15  Robotics Facility  
  38  3:24  Twilight Council  
  38  3:38  Shield Battery  
  38  3:41  Adept x2  
  38  3:43  Probe  
  43  3:59  Probe  
  43  4:01  Dark Shrine  
  43  4:02  Observer (Chrono Boost)  
  45  4:12  Probe  
  46  4:20  Warp Prism (Chrono Boost)  
  46  4:23  Probe  
  45  4:32  Stalker  
  47  4:41  Stalker  
  49  4:47  Observer (Chrono Boost), Probe (Chrono Boost)  
  52  4:55  Probe (Chrono Boost)  
  52  4:59  Probe (Chrono Boost)  
  53  5:01  Stalker  
  48  5:16  Dark Templar  
  48  5:17  Probe  
  49  5:23  Probe (Chrono Boost)  
  50  5:29  Dark Templar, Probe (Chrono Boost)  
  50  5:35  Probe (Chrono Boost)  
  54  5:40  Probe (Chrono Boost)  
  54  5:42  Probe (Chrono Boost)  
  56  5:44  Probe (Chrono Boost)  
  56  5:49  Probe  
  57  5:55  Probe  
  59  5:59  Dark Templar  
  59  6:01  Probe  
  60  6:07  Probe  
  61  6:15  Probe (Chrono Boost)  
  56  6:19  Probe (Chrono Boost)  
  56  6:22  Blink  
  56  6:25  Shield Battery  
  51  6:27  Pylon  
  51  6:30  Probe (Chrono Boost)  
  51  6:31  Probe (Chrono Boost)  
  51  6:35  Probe (Chrono Boost)  
  51  6:38  Probe  
  51  6:39  Assimilator, Stalker x2  
  55  6:41  Assimilator  
  55  6:43  Pylon  
  55  6:46  Pylon, Probe  
  56  6:50  Probe  
  57  6:54  Immortal (Chrono Boost)  
  57  7:00  Probe  
  62  7:07  Gateway  
  62  7:08  Gateway  
  62  7:10  Stalker  
  64  7:26  Immortal  
  68  7:30  Stalker  
  68  7:36  Pylon  
  70  7:37  Gateway  
  70  7:39  Gateway  
  70  7:40  Sentry  
  72  7:44  Probe  
  72  7:48  Probe  
  73  7:53  Sentry  
  75  8:01  Nexus  
  75  8:03  Pylon  
  75  8:05  Sentry  
  76  8:14  Immortal  
  80  8:21  Forge  
  80  8:22  Probe x2  
  80  8:32  Stalker x2  
  84  8:34  Probe  
  84  8:35  Probe  
  86  8:42  Charge (Chrono Boost)  
  86  8:46  Pylon, Probe  
  86  8:47  Probe  
  88  8:49  Protoss Ground Weapons Level 1 (Chrono Boost), Observer  
  88  8:53  Observer  
  89  8:57  Sentry  
  89  8:58  Probe  
  89  8:59  Stalker, Probe  
  95  9:05  Shield Battery  
  95  9:07  Stalker  
  97  9:14  Stalker  
  97  9:16  Stalker  
  101  9:19  Stalker  
  103  9:24  Stalker  
  105  9:40  Dark Templar, Gateway  
  105  9:41  Gateway  
  105  9:44  Dark Templar  
  109  9:46  Probe  
  109  9:47  Pylon  
  109  9:49  Archon  
  109  9:50  Zealot  
  112  9:55  Pylon  
  112  9:57  Pylon  
  112  10:03  Dark Templar x2  
  116  10:07  Assimilator  
  116  10:08  Archon  
  116  10:09  Assimilator  
  116  10:11  Zealot  
  116  10:13  Zealot  
  120  10:16  Probe x2  
  122  10:23  Zealot  
  122  10:25  Probe  
  124  10:28  Probe  
  124  10:30  Probe  
  125  10:37  Probe  
  125  10:41  Gateway  
  125  10:42  Gateway, Robotics Bay  
  126  10:45  Pylon  
  126  10:54  Probe x2  
  126  10:56  Shield Battery  
  128  11:07  Dark Templar x3  
  128  11:09  Dark Templar  
  136  11:22  Robotics Facility  
  136  11:26  Photon Cannon  
  136  11:29  Disruptor (Chrono Boost), Gateway  
  136  11:31  Protoss Ground Weapons Level 2 (Chrono Boost)  
  137  11:37  Shield Battery  
  137  11:42  Shield Battery  
  137  11:47  Dark Templar x2, Zealot  
  141  11:52  Archon  
  115  12:09  Dark Templar  
  115  12:10  Dark Templar x3  
  115  12:12  Zealot  
  115  12:13  Zealot  
  109  12:19  Zealot  
  109  12:20  Zealot  
  99  12:26  Disruptor (Chrono Boost)  
  91  12:36  Zealot x2  
  88  12:43  Stalker x4  
  76  12:47  Archon  
  76  12:49  Zealot x2  
  70  13:00  Stalker  
  72  13:09  Zealot  
  46  13:23  Observer  
  45  13:31  Stalker x3  
  47  13:36  Zealot x4  
  45  14:01  Stalker x2  

Tags
 
Add a new tag
Caveats
  • Supply blocks, unpowered buildings, or Contaminate may cause inaccurate times.
  • Supply counts are checked every 10 seconds.